APP
PRINCETON RAYS @ BLUEFIELD BLUE JAYS
09/21/2045
 
TOP OF THE 1ST
Princeton Rays batting - Pitching for Bluefield Blue Jays : RHP Eric Bessire
Pitching: RHP Eric Bessire
Batting: LHB Darryl Gonnella 0-0: Ball
1-0: Foul Ball, location: 2F
1-1: Ball
2-1: Bunt missed!
2-2: Ball
3-2: TRIPLE (Flyball, 89XD, EV 100.6 MPH)
Batting: LHB Harris Vink 0-0: Called Strike
0-1: Ball
1-1: Ball
2-1: Swinging Strike
2-2: Strikes out swinging
Batting: RHB Sesto Carpini 0-0: Called Strike
0-1: Foul Ball, location: 2F
0-2: Ball
1-2: Foul Ball, location: 2F
1-2: Strikes out swinging
Batting: RHB Wil Urban 0-0: Called Strike
0-1: Ball
1-1: DOUBLE (Line Drive, 7LM, EV 113.8 MPH)
Darryl Gonnella scores
Batting: RHB Jose Arriola 0-0: Ball
1-0: Called Strike
1-1: Ball
2-1: Foul Ball, location: 2F
2-2: Strikes out looking
Top of the 1st over - 1 run, 2 hits, 0 errors, 1 left on base; Princeton 1 - Bluefield 0
BOTTOM OF THE 1ST
Bluefield Blue Jays batting - Pitching for Princeton Rays : RHP Julio Trejo
Pitching: RHP Julio Trejo
Batting: RHB John Hering 0-0: Foul Ball, location: 2F
0-1: Foul Ball, location: 2F
0-2: Ball
1-2: Ball
2-2: Foul Ball, location: 2F
2-2: Foul Ball, location: 2F
2-2: SINGLE (Line Drive, 34D, EV 96.2 MPH)
Batting: RHB Frank Caulfield 0-0: Ball
John Hering steals 2nd, throwing error, E2
John Hering to third
1-0: Called Strike
1-1: Ball
2-1: Ball
3-1: Base on Balls
Batting: RHB Tokuji Kawabata 0-0: Called Strike
0-1: Ball
1-1: Called Strike
1-2: Ball
2-2: Strikes out swinging
Batting: LHB Frank Nelson 0-0: Ball
Frank Caulfield steals 2nd base
1-0: Ground out 6-3 (Groundball, 6, EV 103.1 MPH)
John Hering scores
Batting: RHB Chris Martin 0-0: Foul Ball, location: 2F
0-1: Ball
1-1: Called Strike
1-2: DOUBLE (Flyball, 89XD, EV 113.1 MPH)
Frank Caulfield scores
Batting: RHB Norm Mercer 0-0: Ball
1-0: Ball
2-0: Fly out, F4 (Flyball, 34D, EV 88.8 MPH)
Bottom of the 1st over - 2 runs, 2 hits, 1 error, 1 left on base; Princeton 1 - Bluefield 2
TOP OF THE 2ND
Princeton Rays batting - Pitching for Bluefield Blue Jays : RHP Eric Bessire
Batting: RHB Nelle Lommen 0-0: Ball
1-0: SINGLE (Groundball, 34D, EV 100.0 MPH)
Batting: RHB Roberto Aispuro 0-0: Called Strike
0-1: Ground out 6-3 (Groundball, 6S, EV 68.8 MPH)
Nelle Lommen to second
Batting: RHB Khalil Walker 0-0: Swinging Strike
0-1: Called Strike
0-2: Ball
1-2: Ball
2-2: Ground out U3 (Groundball, 34S, EV 88.1 MPH)
Nelle Lommen to third
Batting: LHB Zach Rose 0-0: Foul Ball, location: 2F
0-1: Ball
1-1: Ball
2-1: Ground out 1-3 (Groundball, 15S, EV 70.0 MPH)
Top of the 2nd over - 0 runs, 1 hit, 0 errors, 1 left on base; Princeton 1 - Bluefield 2
BOTTOM OF THE 2ND
Bluefield Blue Jays batting - Pitching for Princeton Rays : RHP Julio Trejo
Batting: RHB Jose Ontiveros 0-0: Called Strike
0-1: Ball
1-1: Fly out, F8 (Flyball, 8RXD, EV 103.1 MPH)
Batting: RHB Mike Johnson 0-0: Ball
1-0: Ball
2-0: DOUBLE (Line Drive, 5D, EV 101.9 MPH)
Batting: RHB Bobby Lasaguna 0-0: Ball
1-0: Called Strike
1-1: Ball
2-1: DOUBLE (Line Drive, 89D, EV 110.6 MPH)
Mike Johnson scores
Batting: RHB John Hering 0-0: Ball
1-0: Ball
2-0: Foul Ball, location: 2F
2-1: Foul Ball, location: 2F
2-2: Ball
3-2: Strikes out swinging
Batting: RHB Frank Caulfield 0-0: Called Strike
0-1: Ball
1-1: Foul Ball, location: 2F
1-2: Foul Ball, location: 2F
1-2: Ball
2-2: Ball
3-2: SINGLE (Groundball, 4S, EV 65.0 MPH) (infield hit)
Bobby Lasaguna to third
Batting: RHB Tokuji Kawabata 0-0: Foul Ball, location: 2F
0-1: Fly out, F3 (Popup, 3SF, EV 78.8 MPH)
Bottom of the 2nd over - 1 run, 3 hits, 0 errors, 2 left on base; Princeton 1 - Bluefield 3
TOP OF THE 3RD
Princeton Rays batting - Pitching for Bluefield Blue Jays : RHP Eric Bessire
Batting: LHB Darryl Gonnella 0-0: Ball
1-0: Called Strike
1-1: Foul Ball, location: 2F
1-2: Strikes out looking
Batting: LHB Harris Vink 0-0: Called Strike
0-1: Swinging Strike
0-2: Ball
1-2: Foul Ball, location: 2F
1-2: Ball
2-2: Strikes out swinging
Batting: RHB Sesto Carpini 0-0: Ball
1-0: Called Strike
1-1: Ball
2-1: Foul Ball, location: 2F
2-2: Ball
3-2: Base on Balls
Batting: RHB Wil Urban 0-0: Ball
1-0: Called Strike
Sesto Carpini steals 2nd base
1-1: Swinging Strike
1-2: Ball
2-2: Foul Ball, location: 2F
2-2: Foul Ball, location: 2F
2-2: Ball
3-2: Foul Ball, location: 2F
3-2: Foul Ball, location: 2F
3-2: Foul Ball, location: 2F
3-2: Foul Ball, location: 2F
3-2: Fly out, F8 (Flyball, 8RD, EV 83.1 MPH)
Top of the 3rd over - 0 runs, 0 hits, 0 errors, 1 left on base; Princeton 1 - Bluefield 3
BOTTOM OF THE 3RD
Bluefield Blue Jays batting - Pitching for Princeton Rays : RHP Julio Trejo
Batting: LHB Frank Nelson 0-0: Swinging Strike
0-1: Swinging Strike
0-2: Ball
1-2: Foul Ball, location: 2F
1-2: Fly out, F8 (Flyball, 89D, EV 93.1 MPH)
Batting: RHB Chris Martin 0-0: Ball
1-0: Called Strike
1-1: Called Strike
1-2: Ball
2-2: Ground out 6-3 (Groundball, P, EV 81.2 MPH)
Batting: RHB Norm Mercer 0-0: Called Strike
0-1: Ball
1-1: Ball
2-1: Foul Ball, location: 2F
2-2: Foul Ball, location: 2F
2-2: Ground out 1-3 (Groundball, 13S, EV 70.0 MPH)
Bottom of the 3rd over - 0 runs, 0 hits, 0 errors, 0 left on base; Princeton 1 - Bluefield 3
TOP OF THE 4TH
Princeton Rays batting - Pitching for Bluefield Blue Jays : RHP Eric Bessire
Batting: RHB Jose Arriola 0-0: Ball
1-0: Foul Ball, location: 2F
1-1: Fly out, F2 (Popup, 2L, EV 97.5 MPH)
Batting: RHB Nelle Lommen 0-0: Called Strike
0-1: Ball
1-1: Foul Ball, location: 2F
1-2: Ball
2-2: SINGLE (Line Drive, 56, EV 97.5 MPH)
Batting: RHB Roberto Aispuro 0-0: Ball
1-0: Called Strike
Nelle Lommen steals 2nd base
1-1: Ground out 4-3 (Groundball, 4, EV 100.0 MPH)
Nelle Lommen to third
Batting: RHB Khalil Walker 0-0: Swinging Strike
0-1: Ball
1-1: Fly out, F9 (Flyball, 9LD, EV 106.9 MPH)
Top of the 4th over - 0 runs, 1 hit, 0 errors, 1 left on base; Princeton 1 - Bluefield 3
BOTTOM OF THE 4TH
Bluefield Blue Jays batting - Pitching for Princeton Rays : RHP Julio Trejo
Batting: RHB Jose Ontiveros 0-0: Ball
1-0: Swinging Strike
1-1: Ball
2-1: Foul Ball, location: 2F
2-2: Ball
3-2: Base on Balls
Batting: RHB Mike Johnson 0-0: Ball
Jose Ontiveros steals 2nd base
1-0: Ball
2-0: Ball
3-0: Fly out, F8 (Flyball, 89D, EV 91.9 MPH)
Runner from 2nd tags up, SAFE at 3rd, no throw by CF
Batting: RHB Bobby Lasaguna 0-0: Ball
1-0: Ball
2-0: Ball
3-0: Base on Balls
Batting: RHB John Hering 0-0: Ball
1-0: Called Strike
Bobby Lasaguna steals 2nd base
1-1: Ball
2-1: SINGLE (Groundball, 34D, EV 108.1 MPH)
Jose Ontiveros scores
Bobby Lasaguna to third
Batting: RHB Frank Caulfield 0-0: Ball
1-0: Fielders Choice at 2nd, 3-6 (Groundball, 3, EV 87.5 MPH)
Bobby Lasaguna scores
Batting: RHB Tokuji Kawabata 0-0: Ball
Frank Caulfield steals 2nd base (no throw)
1-0: Called Strike
1-1: Foul Ball, location: 2F
1-2: Strikes out swinging, 2-3 out at first.
Bottom of the 4th over - 2 runs, 1 hit, 0 errors, 1 left on base; Princeton 1 - Bluefield 5
TOP OF THE 5TH
Princeton Rays batting - Pitching for Bluefield Blue Jays : RHP Eric Bessire
Batting: LHB Zach Rose 0-0: Ball
1-0: Foul Ball, location: 2F
1-1: Swinging Strike
1-2: Ball
2-2: Foul Ball, location: 2F
2-2: Ball
3-2: Foul Ball, location: 2F
3-2: Foul Ball, location: 2F
3-2: Foul Ball, location: 2F
3-2: Ground out 6-3 (Groundball, P, EV 88.1 MPH)
Batting: LHB Darryl Gonnella 0-0: Called Strike
0-1: Foul Ball, location: 2F
0-2: Ball
1-2: Strikes out swinging
Pitching: LHP Nick Burnstein
Batting: LHB Harris Vink 0-0: Ball
1-0: Called Strike
1-1: Ball
2-1: Swinging Strike
2-2: Fly out, F7 (Flyball, 7LS, EV 84.4 MPH)
Top of the 5th over - 0 runs, 0 hits, 0 errors, 0 left on base; Princeton 1 - Bluefield 5
BOTTOM OF THE 5TH
Bluefield Blue Jays batting - Pitching for Princeton Rays : RHP Julio Trejo
Pitching: RHP Dumadi Kawilarang
Batting: LHB Frank Nelson 0-0: Called Strike
0-1: Ball
1-1: Ball
2-1: Ball
3-1: Called Strike
3-2: Strikes out swinging
Batting: RHB Chris Martin 0-0: Called Strike
0-1: Ball
1-1: Ball
2-1: Ground out 5-3 (Groundball, 56, EV 98.8 MPH)
Batting: RHB Norm Mercer 0-0: Called Strike
0-1: Ball
1-1: Swinging Strike
1-2: Strikes out swinging
Bottom of the 5th over - 0 runs, 0 hits, 0 errors, 0 left on base; Princeton 1 - Bluefield 5
TOP OF THE 6TH
Princeton Rays batting - Pitching for Bluefield Blue Jays : LHP Nick Burnstein
Batting: RHB Sesto Carpini 0-0: Called Strike
0-1: Ball
1-1: Called Strike
1-2: Strikes out swinging
Batting: RHB Wil Urban 0-0: Ball
1-0: Ball
2-0: Ball
3-0: Called Strike
3-1: Called Strike
3-2: Fly out, F9 (Flyball, 9D, EV 94.4 MPH)
Batting: RHB Jose Arriola 0-0: Ball
1-0: Ball
2-0: Called Strike
2-1: Called Strike
2-2: Ball
3-2: SINGLE (Line Drive, 4MD, EV 101.9 MPH)
Batting: RHB Nelle Lommen 0-0: Ball
1-0: Ball
2-0: Ball
3-0: Called Strike
3-1: Foul Ball, location: 2F
3-2: SINGLE (Groundball, 4M, EV 108.8 MPH) (infield hit)
Jose Arriola to second
Batting: RHB Roberto Aispuro 0-0: Ball
1-0: Foul Ball, location: 2F
1-1: Foul Ball, location: 2F
1-2: Strikes out swinging
Top of the 6th over - 0 runs, 2 hits, 0 errors, 2 left on base; Princeton 1 - Bluefield 5
BOTTOM OF THE 6TH
Bluefield Blue Jays batting - Pitching for Princeton Rays : RHP Dumadi Kawilarang
Batting: RHB Jose Ontiveros 0-0: Ball
1-0: Called Strike
1-1: Called Strike
1-2: Foul Ball, location: 2F
1-2: Ball
2-2: Ground out 6-3 (Groundball, 6, EV 102.5 MPH)
Batting: RHB Mike Johnson 0-0: Ball
1-0: Ball
2-0: Called Strike
2-1: Ground out 5-3 (Groundball, 5, EV 90.0 MPH)
Batting: RHB Bobby Lasaguna 0-0: Called Strike
0-1: Ball
1-1: SINGLE (Groundball, 4MD, EV 101.2 MPH)
Batting: RHB John Hering 0-0: Ball
Bobby Lasaguna steals 2nd base
1-0: Ball
2-0: Foul Ball, location: 2F
2-1: Foul Ball, location: 2F
2-2: Ball
3-2: Strikes out swinging
Bottom of the 6th over - 0 runs, 1 hit, 0 errors, 1 left on base; Princeton 1 - Bluefield 5
TOP OF THE 7TH
Princeton Rays batting - Pitching for Bluefield Blue Jays : LHP Nick Burnstein
Pitching: LHP Bruce Knight
Batting: RHB Khalil Walker 0-0: Ball
1-0: Called Strike
1-1: Ball
2-1: Ball
3-1: Foul Ball, location: 2F
3-2: Foul Ball, location: 2F
3-2: Fly out, F7 (Line Drive, 7LM, EV 102.5 MPH)
Batting: LHB Zach Rose 0-0: Ball
1-0: Called Strike
1-1: Foul Ball, location: 2F
1-2: Ball
2-2: Ball
3-2: Strikes out swinging
Batting: LHB Darryl Gonnella 0-0: Called Strike
0-1: Fly out, F4 (Popup, 4D, EV 68.1 MPH)
Top of the 7th over - 0 runs, 0 hits, 0 errors, 0 left on base; Princeton 1 - Bluefield 5
BOTTOM OF THE 7TH
Bluefield Blue Jays batting - Pitching for Princeton Rays : RHP Dumadi Kawilarang
Pitching: RHP Austin Gambrell
Batting: RHB Frank Caulfield 0-0: Fly out, F8 (Line Drive, 8LD, EV 95.6 MPH)
Batting: RHB Tokuji Kawabata 0-0: Called Strike
0-1: Swinging Strike
0-2: Ball
1-2: Ball
2-2: Foul Ball, location: 2F
2-2: Foul Ball, location: 2F
2-2: Foul Ball, location: 2F
2-2: Foul Ball, location: 2F
2-2: Foul Ball, location: 2F
2-2: Ball
3-2: Base on Balls
Batting: LHB Frank Nelson 0-0: Ball
1-0: Called Strike
1-1: Ball
2-1: Foul Ball, location: 2F
2-2: Foul Ball, location: 2F
2-2: Foul Ball, location: 2F
2-2: Strikes out swinging
Batting: RHB Chris Martin 0-0: Ball
Tokuji Kawabata steals 2nd base
1-0: Ball
2-0: Ball
3-0: Called Strike
3-1: Base on Balls
Batting: RHB Norm Mercer 0-0: Called Strike
0-1: Swinging Strike
0-2: Ground out 4-3 (Groundball, 4, EV 79.4 MPH)
Bottom of the 7th over - 0 runs, 0 hits, 0 errors, 2 left on base; Princeton 1 - Bluefield 5
TOP OF THE 8TH
Princeton Rays batting - Pitching for Bluefield Blue Jays : LHP Bruce Knight
Pitching: RHP Pat Powell
Batting: LHB Harris Vink 0-0: Foul Ball, location: 2F
0-1: Ball
1-1: Foul Ball, location: 2F
1-2: Strikes out swinging
Batting: RHB Sesto Carpini 0-0: Foul Ball, location: 2F
0-1: Foul Ball, location: 2F
0-2: Ball
1-2: Ball
2-2: Fly out, F9 (Flyball, 89D, EV 93.8 MPH)
Batting: RHB Wil Urban 0-0: Ball
1-0: Swinging Strike
1-1: Foul Ball, location: 2F
1-2: Strikes out looking
Top of the 8th over - 0 runs, 0 hits, 0 errors, 0 left on base; Princeton 1 - Bluefield 5
BOTTOM OF THE 8TH
Bluefield Blue Jays batting - Pitching for Princeton Rays : RHP Austin Gambrell
Pitching: RHP Joey Morrison
Batting: RHB Jose Ontiveros 0-0: Called Strike
0-1: Ball
1-1: Ball
2-1: Fly out, F5 (Popup, 56S, EV 71.2 MPH)
Batting: RHB Mike Johnson 0-0: TRIPLE (Line Drive, 7D, EV 111.2 MPH)
Batting: RHB Bobby Lasaguna 0-0: Called Strike
0-1: Ball
1-1: Swinging Strike
1-2: SINGLE (Groundball, 34D, EV 106.2 MPH)
Mike Johnson scores
Batting: RHB John Hering 0-0: Ball
Bobby Lasaguna steals 2nd base
1-0: Ball
2-0: Ball
3-0: Base on Balls
Batting: RHB Frank Caulfield 0-0: Called Strike
0-1: Grounds into double play, 6-4-3 (Groundball, 6, EV 90.0 MPH)
Bottom of the 8th over - 1 run, 2 hits, 0 errors, 1 left on base; Princeton 1 - Bluefield 6
TOP OF THE 9TH
Princeton Rays batting - Pitching for Bluefield Blue Jays : RHP Pat Powell
Batting: RHB Jose Arriola 0-0: Ball
1-0: Ball
2-0: Fly out, F9 (Flyball, 9, EV 90.6 MPH)
Batting: RHB Nelle Lommen 0-0: Called Strike
0-1: Ball
1-1: Ball
2-1: Foul Ball, location: 2F
2-2: Strikes out swinging
Batting: RHB Roberto Aispuro 0-0: Ball
1-0: Swinging Strike
1-1: Ball
2-1: Swinging Strike
2-2: Ball
3-2: Base on Balls
Batting: RHB Khalil Walker 0-0: Called Strike
0-1: Ball
1-1: Ball
2-1: Foul Ball, location: 2F
2-2: Ball
3-2: SINGLE (Groundball, 4S, EV 71.2 MPH) (infield hit)
Roberto Aispuro to second
Pitching: RHP Tim Donovan
Batting: LHB Zach Rose 0-0: Fielders Choice at 2nd, 6-4 (Groundball, 6, EV 84.4 MPH)
Top of the 9th over - 0 runs, 1 hit, 0 errors, 2 left on base; Princeton 1 - Bluefield 6
Wednesday, June 22nd , 2022 - OOTP Baseball 23.4 Build 64